 Dungeon Crawl Stone Soup version 0.23.2-1-ga50397a (webtiles) character file.

Game seed: 2728238196617125473

67 Fang the Skirmisher (level 4, -1/29 HPs)
             Began as a Gargoyle Berserker on May 17, 2019.
             Was a Believer of Trog.
             Slain by Sigmund
             ... wielding a +0 scythe
              (6 damage)
             ... on level 2 of the Dungeon.
             The game lasted 00:00:56 (1472 turns).

Fang the Skirmisher (Gargoyle Berserker)            Turns: 1472, Time: 00:00:57

Health: -1/29      AC:  5    Str: 21    XL:     4   Next: 18%
Magic:  4/4        EV: 12    Int:  8    God:    Trog [**....]
Gold:   67         SH:  0    Dex:  9    Spells: 3/3 levels left

rFire    . . .     SeeInvis .   a - +0 hand axe
rCold    . . .     Gourm    .   (no shield)
rNeg     + . .     Faith    .   b - +0 animal skin
rPois    ∞         Spirit   .   (no helmet)
rElec    +         Reflect  .   (no cloak)
rCorr    .         Harm     .   (no gloves)
MR       .....                  (no boots)
Stlth    +.........             (no amulet)
HPRegen  0.09/turn              (no ring)
MPRegen  0.09/turn              (no ring)

@: berserk cooldown, slowed, very slow
A: negative energy resistance 1, electricity resistance, unbreathing,
petrification resistance, rot immunity, AC +3
a: Berserk, Trog's Hand, Renounce Religion


You were on level 2 of the Dungeon.
You worshipped Trog.
Trog was pleased with you.
You were near starving.

You visited 1 branch of the dungeon, and saw 2 of its levels.

You collected 67 gold pieces.

Inventory:

Hand Weapons
 a - a +0 hand axe (weapon)
Armour
 b - a +0 animal skin (worn)
Scrolls
 e - a scroll of amnesia {unknown}
 f - 6 scrolls of identify {unknown}
Potions
 d - a potion of mutation {unknown}
 g - a potion of cancellation {unknown}
Comestibles
 c - 5 rations


   Skills:
 + Level 3.9 Fighting
 + Level 3.2 Axes
 + Level 3.0 Armour
 + Level 2.2 Dodging


You had 3 spell levels left.
You didn't know any spells.
Your spell library was empty.

Dungeon Overview and Level Annotations

Branches:
Dungeon (2/15)

Altars:
Nemelex Xobeh

Annotations:
D:2 Sigmund


Innate Abilities, Weirdness & Mutations

You are resistant to torment.
Your stone body is resilient. (AC +3)
You are immune to poison.
You resist negative energy. (rN+)
You are resistant to electric shocks. (rElec)
You can survive without breathing.
You are immune to petrification.
You are immune to rotting.


Message History

The goblin hits you but does no damage.
You miss something. You hit the goblin.
You kill the goblin!
Trog accepts your kill. Something hits you!
You closely miss something. You hit something.
Something hits you but does no damage.
You closely miss something. You barely miss something. Something hits you!
You miss something.
You are no longer berserk.
You are exhausted.
You feel yourself slow down.
You hit something.
You hear some strange, mumbled words.
A magic dart appears from out of thin air!
The magic dart hits you.
* * * LOW HITPOINT WARNING * * *
Something hits you.
You die...

#........ .. ...
.............. #.
#.#......#........
#.##.#...............
#.#.>.......###......
#....#... #...... #$.....
#...... ##..[{# ....
#....@#####.. ....
######.....#...... ....
#...##...$...# #..
#...#......### #. ..# ##
#..........# ...# #..## #
#........### .....##...##
#.......## #...........##
#...#....###?............#
###......................#


There were no monsters in sight!

Vanquished Creatures
  Terence (D:2)
  A worm (D:2)
  2 dart slugs
  A leopard gecko (D:1)
  4 goblins
  7 hobgoblins
  4 jackals (D:1)
  A ball python (D:2)
  4 frilled lizards (D:1)
  5 kobolds
  5 rats
35 creatures vanquished.

Notes
Turn   | Place    | Note
-------+----------+-------------------------------------------
     0 | D:1      | Fang the Gargoyle Berserker began the quest for the Orb.
     0 | D:1      | Reached XP level 1. HP: 14/14 MP: 1/1
   113 | D:1      | Reached XP level 2. HP: 14/19 MP: 2/2
   673 | D:1      | Reached XP level 3. HP: 13/23 MP: 3/3
   984 | D:2      | Found a sparkling altar of Nemelex Xobeh.
   991 | D:2      | Reached ** piety under Trog
  1111 | D:2      | Noticed Terence
  1121 | D:2      | Killed Terence
  1121 | D:2      | Reached XP level 4. HP: 16/29 MP: 4/4
  1450 | D:2      | Noticed Sigmund
  1472 | D:2      | Slain by Sigmund

Skill      XL: |  1  2  3 |
---------------+----------+-----
Dodging        | 2 |  2.2
Axes           | 3 |  3.2
Armour         | 3 |  3.0
Fighting       | |  3.9

Action                   |  1- 3 |  4- 6 || total
-------------------------+-------+-------++-------
Melee: Hand axe          |    98 |    22 ||   120
Invok: Berserk           |     1 |     1 ||     2
 Stab: Sleeping          |       |     1 ||     1
  Eat: Chunk             |     1 |     1 ||     2
Armor: Animal skin       |    32 |     4 ||    36
Dodge: Dodged            |    71 |     5 ||    76
